 Dungeon Crawl Stone Soup version 0.27-a0-1280-g9d2d252d84 (webtiles) character file.

Game seed: 11990024127102650429

970 27snakeeyes612 the Chopper (level 8, -2/40 HPs)
             Began as a Vine Stalker Fighter on June 13, 2021.
             Was an Initiate of Makhleb.
             Slain by an ogre (22 damage)
             ... on level 5 of the Dungeon.
             The game lasted 00:05:19 (4377 turns).

27snakeeyes612 the Chopper (Vine Stalker Fighter)   Turns: 4377, Time: 00:05:20

Health: -2/40      AC: 14    Str: 21    XL:     8   Next: 16%
Magic:  0/9        EV:  6    Int:  8    God:    Makhleb [......]
Gold:   253        SH: 12    Dex: 14    Spells: 7/7 levels left

rFire    + . .     SeeInvis .   a - +0 war axe
rCold    x . .     Faith    .   p - +2 kite shield
rNeg     . . .     Spirit   +   c - +0 chain mail
rPois    .         Reflect  .   x - +2 helmet
rElec    .         Harm     .   (no cloak)
rCorr    .         Rampage  .   (no gloves)
Will     +....                  w - +1 pair of boots
Stlth    ..........             (no amulet)
HPRegen  1.13/turn              m - ring of wizardry
MPRegen  0.11/turn              j - ring of fire

@: no status effects
A: fangs 3, regeneration 1, magic shield, antimagic bite, no potion heal 2
a: Renounce Religion


You were on level 5 of the Dungeon.
You worshipped Makhleb.
Makhleb was noncommittal.
You visited 2 branches of the dungeon, and saw 6 of its levels.

You collected 253 gold pieces.

Inventory:

Hand Weapons
 a - a +0 war axe (weapon)
Missiles
 i - 4 atropa-tipped darts (quivered)
 n - 8 curare-tipped darts
Armour
 b - a +0 scale mail
 c - a +0 chain mail (worn)
 l - a +2 hat
 p - a +2 kite shield (worn)
 w - a +1 pair of boots (worn)
 x - a +2 helmet (worn)
Jewellery
 j - a ring of fire (right hand)
 m - a ring of wizardry (left hand)
Wands
 r - a wand of flame (16)
Scrolls
 d - 2 scrolls of enchant weapon {unknown}
 f - 12 scrolls of identify {unknown}
 g - 2 scrolls of noise {unknown}
 h - a scroll of summoning {unknown}
 k - a scroll of blinking {unknown}
 s - a scroll of fog {unknown}
 t - a scroll of vulnerability {unknown}
 u - 4 scrolls of teleportation {unknown}
 y - a scroll of acquirement {unknown}
Potions
 e - a potion of lignification
 o - 2 potions of curing {unknown}
 q - a potion of magic {unknown}
 v - a potion of degeneration {unknown}


   Skills:
 + Level 3.5 Fighting
 + Level 5.5 Axes
 + Level 3.9 Armour
 + Level 1.2 Dodging
 + Level 0.3 Stealth
 + Level 5.2 Shields


You had 7 spell levels left.
You didn't know any spells.
Your spell library contained the following spells:

 Spells                   Type           Power      Damage    Failure   Level
 Corona                   Hex            0%         N/A       99%         1
 Sting                    Tmut/Pois      0%         1d3       99%         1
 Poisonous Vapours        Pois/Air       0%         N/A       100%        2
 Slow                     Hex            0%         N/A       100%        2
 Ignite Poison            Fire/Tmut/Pois 0%         N/A       100%        3
 Inner Flame              Hex/Fire       0%         N/A       100%        3
 Mephitic Cloud           Conj/Pois/Air  0%         N/A       100%        3
 Portal Projectile        Hex/Tloc       0%         N/A       100%        3
 Cause Fear               Hex            0%         N/A       100%        4
 Leda's Liquefaction      Hex/Erth       0%         N/A       100%        4
 Olgreb's Toxic Radiance  Pois           0%         N/A       100%        4


Dungeon Overview and Level Annotations

Branches:
Dungeon (5/15)             Temple (1/1) D:5

Altars:
Makhleb


Innate Abilities, Weirdness & Mutations

You have razor-sharp teeth.
Your natural rate of healing is unusually fast.
When hurt, damage is shared between your health and your magic reserves.
Your bite disrupts and absorbs the magic of your enemies.
Potions cannot restore your health.


Message History

An ogre is nearby!
An ogre is nearby!
The ogre hits you with a +0 giant club.
You slash the ogre! Your bite misses the ogre.
The ogre is moderately wounded.
The ogre hits you with a +0 giant club!
You closely miss the ogre. Your bite misses the ogre.
The ogre is moderately wounded.
You block the ogre's attack.
You closely miss the ogre. You bite the ogre. You drain its power.
You feel invigorated.
The ogre is heavily wounded.
The ogre hits you with a +0 giant club!
You slash the ogre! You bite the ogre! You drain its power.
You feel invigorated.
The ogre is almost dead.
You block the ogre's attack.
You hit the ogre.
You kill the ogre!
Makhleb accepts your kill.
HP restored.
Things that are here:
a +0 giant club; an ogre corpse
Things that are here:
a +0 giant club; an ogre corpse The ogre shouts!
An ogre is nearby!
An ogre is nearby!
An ogre is nearby!
You slash the ogre! You bite the ogre. You drain its power.
The ogre is heavily wounded.
The ogre hits you with a +0 giant club!!
Ouch! That really hurt!
You are too injured to fight recklessly!
You are too injured to fight recklessly!
You barely miss the ogre.
The ogre is heavily wounded.
The ogre hits you with a +0 giant club!!
Ouch! That really hurt!
You die...

##..... #.....#
#..... #.... ....
#.. #O# #########
#@## #.......# ##
#..# #.......###.
##.# #.....P.P.#.
#.####....##.###.
#...##...P#...#P.
###.##.....)>....
#.##...P#...#P.
#.########.####
#.# #P.P###


You could see an ogre.

Vanquished Creatures
  Menkaure (D:3)
  A sky beast (D:5)
  An ogre (D:5)
  2 phantoms
  A water moccasin skeleton (D:5)
  An orc priest (D:3)
  A centaur skeleton (D:4)
  Jessica (D:2)
  Terence (D:2)
  3 iguanas
  2 orc wizards
  5 adders
  4 gnolls (D:3)
  A howler monkey skeleton (D:4)
  2 ufetubi
  2 dart slugs
  10 orcs
  6 ball pythons
  9 endoplasms
  3 giant cockroaches
  4 goblins
  4 hobgoblins
  8 jackals
  6 quokkas
  8 bats
  2 frilled lizards
  11 kobolds
  8 rats
108 creatures vanquished.

Vanquished Creatures (others)
  An orc wizard (D:3)
  A fungus (D:1)
2 creatures vanquished.

Grand Total: 110 creatures vanquished

Notes
Turn   | Place    | Note
-------+----------+-------------------------------------------
     0 | D:1      | 27snakeeyes612 the Vine Stalker Fighter began the quest for
                  | the Orb.
     0 | D:1      | Reached XP level 1. HP: 11/11 MP: 2/2
   245 | D:1      | Reached XP level 2. HP: 9/16 MP: 3/3
   913 | D:1      | Reached XP level 3. HP: 18/19 MP: 4/4
  1485 | D:2      | Noticed Jessica
  1485 | D:2      | Noticed Terence
  1500 | D:2      | Killed Terence
  1501 | D:2      | Gained mutation: Your natural rate of healing is unusually
                  | fast. [Vine Stalker growth]
  1501 | D:2      | Reached XP level 4. HP: 13/23 MP: 1/5
  1501 | D:2      | Killed Jessica
  1573 | D:2      | Noticed a phantom
  1609 | D:2      | Killed a phantom
  1610 | D:2      | Reached XP level 5. HP: 18/28 MP: 6/6
  1781 | D:2      | Found a faded altar of an unknown god.
  2405 | D:3      | Reached XP level 6. HP: 32/32 MP: 7/7
  3570 | D:4      | Noticed Menkaure
  3584 | D:3      | Killed Menkaure
  3585 | D:3      | Reached skill level 1 in Dodging
  3585 | D:3      | Reached XP level 7. HP: 12/36 MP: 3/8
  3850 | D:5      | Entered Level 5 of the Dungeon
  3864 | D:5      | Reached skill level 5 in Axes
  4225 | D:5      | Reached skill level 5 in Shields
  4225 | D:5      | Gained mutation: You have razor-sharp teeth. [Vine Stalker
                  | growth]
  4225 | D:5      | Reached XP level 8. HP: 40/40 MP: 9/9
  4235 | D:5      | Found a staircase to the Ecumenical Temple.
  4249 | Temple   | Entered the Ecumenical Temple
  4286 | Temple   | Became a worshipper of Makhleb the Destroyer
  4377 | D:5      | Slain by an ogre

Illustrated notes

Levels and vault maps discovered:
D:1:      dpeg_arrival_prison, layout_loops_ring
D:2:      layout_basic, shapermc_ecumenical_altar_starsandcircs, uniq_terence,
          uniq_jessica
D:3:      layout_basic
D:4:      layout_rooms, uniq_menkaure
D:5:      layout_loops_cross, minmay_temple_entry_gardened_gates
Temple:   regret_index_temple_generic_petals

Skill      XL: |  1  2  3  4  5  6  7 |
---------------+----------------------+-----
Axes           | 2 3 4 5 |  5.5
Shields        | 3 4 5 |  5.2
Armour         | 3 |  3.9
Fighting       | 3 |  3.5
Dodging        | 1 |  1.2
Stealth        | |  0.3

Action                   |  1- 3 |  4- 6 |  7- 9 || total
-------------------------+-------+-------+-------++-------
Melee: War axe           |    92 |   161 |    82 ||   335
       Bite              |    19 |    36 |    31 ||    86
  Use: Potion            |     1 |     1 |       ||     2
Armor: Scale mail        |    47 |    33 |       ||    80
       Chain mail        |       |    33 |    40 ||    73
       Skin              |       |    21 |       ||    21
Dodge: Dodged            |    29 |    22 |    17 ||    68
Block: Kite shield       |    56 |   109 |    51 ||   216

Table legend: (Time is in decaauts)
 A = Elapsed time spent in this place.
 B = Non-inter-level travel time spent in this place.
 C = Inter-level travel time spent in this place.
 D = Time resting spent in this place.
 E = Time spent auto-exploring this place.
 F = Levels seen in this place.
 G = Mean time per level.
                   A        B        C        D        E       F      G
               +--------+--------+--------+--------+--------+-----+--------+
         Total |   4563 |   4206 |    357 |     62 |   3174 |   6 |  760.5 |
       Dungeon |   4511 |   4154 |    357 |     62 |   3159 |   5 |  902.2 |
        Temple |     51 |     51 |      0 |      0 |     15 |   1 |   51.0 |
               +--------+--------+--------+--------+--------+-----+--------+

Top non-repeatable levels by time:
     D:3: 1333 daAuts
     D:1: 1311 daAuts
     D:2: 878 daAuts
     D:5: 494 daAuts
     D:4: 493 daAuts
  Temple: 51 daAuts
